 Dungeon Crawl Stone Soup version 0.22-a0-231-g75390ab (webtiles) character file.

67 gishou the Covered (level 4, 0/31 HPs)
             Began as a Halfling Fighter on Apr 3, 2018.
             Succumbed to an adder's poison
             ... on level 2 of the Dungeon.
             The game lasted 00:03:29 (2107 turns).

gishou the Covered (Halfling Fighter)               Turns: 2107, Time: 00:03:29

Health: 0/31       AC:  8    Str: 13    XL:     4   Next: 38%
Magic:  4/4        EV:  9    Int:  6    God:
Gold:   74         SH:  9    Dex: 13    Spells: 3/3 levels left

rFire    . . .     SeeInvis .   e - -2 dagger (curse)
rCold    . . .     Gourm    .   c - +0 shield
rNeg     . . .     Faith    .   b - +0 scale mail
rPois    .         Spirit   .   (no helmet)
rElec    .         Reflect  .   (no cloak)
rCorr    .         Harm     .   (no gloves)
MR       .....                  n - +0 pair of boots
Stlth    ..........             (no amulet)
HPRegen  0.10/turn              m - -5 ring of strength (curse)
MPRegen  0.09/turn              (no ring)

@: lethally poisoned (0 -> -2)
A: small, mutation resistance 1
a: no special abilities


You were on level 2 of the Dungeon.
You were not hungry.

You visited 1 branch of the dungeon, and saw 2 of its levels.

You collected 74 gold pieces.

Inventory:

Hand Weapons
 a - a +1 rapier
 e - a cursed -2 dagger (weapon)
Armour
 b - a +0 scale mail (worn)
 c - a +0 shield (worn)
 n - a +0 pair of boots (worn)
Jewellery
 m - a cursed -5 ring of strength (left hand)
Potions
 d - a potion of might
 h - a potion of flight
Comestibles
 f - 4 rations
 g - a chunk of flesh


   Skills:
 * Level 3.2 Fighting
 * Level 3.4 Short Blades
 + Level 3.6 Armour
 + Level 1.1 Dodging
 + Level 3.6 Shields


You had 3 spell levels left.
You didn't know any spells.

Dungeon Overview and Level Annotations

Branches:
Dungeon (2/15)

Altars:


Innate Abilities, Weirdness & Mutations

You are small and have problems with some larger weapons.
You are somewhat resistant to further mutation.


Message History

You feel sick. You block the adder's attack. The adder bites you.
* * * LOW HITPOINT WARNING * * *
You hit the adder.
You kill the adder!
You swing at nothing.
You swing at nothing.
* * * LOW HITPOINT WARNING * * *
You feel sick.
You swing at nothing.
You swing at nothing.
* * * LOW HITPOINT WARNING * * *
You feel sick.
You see here an adder corpse.
You butcher the adder corpse.
You see here 2 chunks of flesh.
There is a lethal amount of poison in your body!
Okay, then.
* * * LOW HITPOINT WARNING * * *
You feel sick.
You die...

### ##########.##
#...........#
#.########.## #%# #.#
#.# #.#####
#.########......
######.#...[.........
#...@..#.############
#.######,* *,*,****,*
*,,*,,,,,* *,*,******
*,*,* *,*,* ##
****,*,***** #.
*,,,,,,,<,,* #.


There were no monsters in sight!

Vanquished Creatures
  2 adders (D:2)
  A worm (D:2)
  A dart slug (D:1)
  A leopard gecko (D:1)
  4 orcs (D:2)
  6 bats
  4 goblins
  A hobgoblin (D:2)
  A quokka (D:2)
  A ball python (D:1)
  2 frilled lizards
  9 kobolds (D:1)
  8 rats
  2 bushes (D:1)
43 creatures vanquished.

Notes
Turn   | Place    | Note
-------+----------+-------------------------------------------
     0 | D:1      | gishou the Halfling Fighter began the quest for the Orb.
     0 | D:1      | Reached XP level 1. HP: 15/15 MP: 1/1
   116 | D:1      | Reached XP level 2. HP: 20/20 MP: 2/2
   676 | D:1      | Reached XP level 3. HP: 26/26 MP: 3/3
  1875 | D:2      | Reached skill level 1 in Dodging
  1920 | D:2      | Reached XP level 4. HP: 25/31 MP: 4/4
  2074 | D:2      | HP: 1/31 [poisoned by an adder]
  2103 | D:2      | HP: 1/31 [poisoned by an adder]
  2107 | D:2      | Succumbed to an adder's poison

Vault maps used:
D:1:      dpeg_arrival_court, lexackson_kobold_supper
D:2:      led_sif_pool

Skill      XL: |  1  2  3 |
---------------+----------+-----
Fighting       | 3 |  3.2
Short Blades   | 3 |  3.4
Dodging        | 1 |  1.1
Armour         | |  3.6
Shields        | |  3.6

Action                   |  1- 3 |  4- 6 || total
-------------------------+-------+-------++-------
Melee: Rapier            |   359 |       ||   359
       Dagger            |    82 |    63 ||   145
  Use: Scroll            |     5 |       ||     5
       Potion            |       |     2 ||     2
  Eat: Chunk             |     4 |     1 ||     5
Armor: Scale mail        |    57 |    19 ||    76
Dodge: Dodged            |    58 |    16 ||    74
Block: Shield            |    95 |    27 ||   122

Table legend:
 A = Spawn XP
 B = Non-spawn XP
 C = Spawn XP percentage of total XP
 D = Spawn monster count
 E = Non-spawn monster count
 F = Spawn count percentage of total count
 G = Total turns spent on level
                    A         B        C        D         E        F      G
               +---------+---------+-------+---------+---------+-------+---------
         Total |       0 |      96 |   0.0 |       0 |      41 |   0.0 |  2107
               +---------+---------+-------+---------+---------+-------+---------
           D:1 |       0 |      39 |   0.0 |       0 |      25 |   0.0 |  1157
           D:2 |       0 |      57 |   0.0 |       0 |      16 |   0.0 |   950
               +---------+---------+-------+---------+---------+-------+---------
